 Dungeon Crawl Stone Soup version 0.29.0-11-gd7f09526c8 (webtiles) character file.

Game seed: 8295482129058210184

108 Drevant2 the Poker (level 4, -7/33 HPs)
             Began as a Merfolk Gladiator on Sept 4, 2022.
             Killed from afar by Natasha (21 damage)
             ... with a bolt of light
             ... on level 2 of the Dungeon.
             The game lasted 00:01:31 (1370 turns).

Drevant2 the Poker (Merfolk Gladiator)              Turns: 1370, Time: 00:01:32

Health: -7/33      AC:  4    Str: 14    XL:     4   Next: 87%
Magic:  4/4        EV: 13    Int:  7    God:
Gold:   95         SH:  0    Dex: 17    Spells: 3/3 levels left

rFire   . . .      SeeInvis .   a - +0 trident
rCold   . . .      Faith    .   (no shield)
rNeg    . . .      Spirit   .   b - +0 leather armour
rPois   .          Reflect  .   c - +0 helmet
rElec   .          Harm     .   (no cloak)
rCorr   .          Rampage  .   (no gloves)
Will    .....                   (no boots)
Stlth   +.........              (no amulet)
HPRegen 0.11/turn               (no ring)
MPRegen 0.09/turn               (no ring)

@: confused
A: (nimble swimmer 2), mertail
a: no special abilities


You were on level 2 of the Dungeon.
You visited 1 branch of the dungeon, and saw 2 of its levels.

You collected 95 gold pieces.

Inventory:

Hand Weapons
 a - a +0 trident (weapon)
Missiles
 d - 2 throwing nets (quivered)
 e - a javelin
 n - 5 curare-tipped darts
Armour
 b - a +0 leather armour (worn)
 c - a +0 helmet (worn)
Scrolls
 f - a scroll of vulnerability {unknown}
 h - 2 scrolls of identify {unknown}
 l - a scroll of teleportation {unknown}
 m - a scroll of summoning {unknown}
 r - a scroll of blinking {unknown}
Potions
 g - a potion of curing {unknown}
 i - 3 potions of brilliance {unknown}
 j - a potion of resistance {unknown}
 k - a potion of mutation {unknown}
 o - a potion of invisibility {unknown}
 p - 2 potions of degeneration {unknown}
 q - a potion of haste {unknown}


   Skills:
 - Level 2.1 Fighting
 + Level 7.2 Polearms
 - Level 2.0 Throwing
 - Level 4.0 Dodging


You had 3 spell levels left.
You didn't know any spells.
Your spell library contained the following spells:

 Spells                   Type           Power      Damage    Failure   Level
 Apportation              Tloc           0%         N/A       52%         1
 Alistair's Intoxication  Tmut/Pois      0%         N/A       100%        5


Dungeon Overview and Level Annotations

Branches:
Dungeon (2/15)

Altars:

Annotations:
D:2 Natasha


Innate Abilities, Weirdness & Mutations

((You are very nimble when in or above water. (Stealth+, EV+, Speed+++)))
Your lower body shifts to a powerful aquatic tail in water.


Message History

Key pressed, stopping explore.
Found 6 stones.
You see here a +1 trident of venom.
Natasha, Servant of Life and Death comes into view.
Natasha is nearby!
Natasha is nearby!
Natasha hisses angrily.
Natasha casts a spell.
You barely miss Natasha. Natasha barely misses you. The shadow imp misses you.
You hit Natasha. You punch Natasha.
Natasha is moderately wounded.
Natasha misses you.
The shadow imp hits you but does no damage.
You hit Natasha but do no damage.
Natasha is moderately wounded.
Natasha closely misses you.
The shadow imp shouts, "Run away, thou peeagling toad-spotted foot-licker!"
The shadow imp hits you but does no damage.
You puncture Natasha!
Natasha is almost dead.
Natasha claws you. The shadow imp hits you.
You closely miss Natasha.
Natasha is almost dead.
Natasha claws you but does no damage.
The shadow imp hits you but does no damage.
You puncture Natasha!
You kill Natasha!
Natasha screams in fury as she dies!
The shadow imp disappears in a puff of smoke!
Your Polearms skill increases to level 7!
You start resting.
Natasha, Servant of Life and Death comes into view.
She is carrying a wand of light (10).
Natasha is nearby!
You hit Natasha.
Natasha is moderately wounded.
Natasha zaps a wand.
The bolt of light hits you!
You are confused.
Natasha zaps a wand.
The bolt of light hits you!!
Ouch! That really hurt!
You die...

#.#......######
#..##..>.......#
#.#####..#.###.###
#.# ##...## .##
##.. ###..##
#..#### #..# #...#
....... #.#
#.#.##....... #.#
#.#.h........ ..##
##....@.###### ...#
####...##.##
)#.#####....#..#..#
...#.....#####..#.#
.....##### #....
..#### ###### ..#
###


You could see Natasha.

Vanquished Creatures
  Natasha (twice) (D:2)
  3 adders (D:2)
  A gnoll (D:1)
  A giant cockroach (D:2)
  2 goblins (D:2)
  A hobgoblin (D:1)
  3 jackals (D:1)
  A kobold (D:2)
  7 ball pythons
  A bat (D:2)
  A frilled lizard (D:2)
  3 rats (D:1)
26 creatures vanquished.

Notes
Turn   | Place    | Note
-------+----------+-------------------------------------------
     0 | D:1      | Drevant2 the Merfolk Gladiator began the quest for the Orb.
     0 | D:1      | Reached XP level 1. HP: 16/16 MP: 1/1
    49 | D:1      | Reached XP level 2. HP: 11/22 MP: 2/2
   209 | D:1      | Found a faded altar of an unknown god.
   275 | D:1      | Reached skill level 5 in Polearms
   652 | D:2      | Reached XP level 3. HP: 27/27 MP: 3/3
  1036 | D:2      | Reached skill level 6 in Polearms
  1133 | D:2      | Reached XP level 4. HP: 18/33 MP: 4/4
  1280 | D:2      | Noticed Natasha
  1290 | D:2      | Killed Natasha
  1345 | D:2      | Noticed Natasha
  1355 | D:2      | Killed Natasha
  1356 | D:2      | Reached skill level 7 in Polearms
  1368 | D:2      | Noticed Natasha
  1370 | D:2      | Killed from afar by Natasha

Illustrated notes

Levels and vault maps discovered:
D:1:      scummos_arrival_simple_crosswalls, layout_rooms,
          hellmonk_ecumenical_altar_pennies_from_heaven
D:2:      layout_rooms, minmay_ruptured, uniq_natasha

Skill      XL: |  1  2  3  4 |
---------------+-------------+-----
Polearms       | 5 6 7 |  7.2
Fighting       | |  2.1
Throwing       | |  2.0
Dodging        | |  4.0

Action                   |  1- 3 |  4- 6 || total
-------------------------+-------+-------++-------
Melee: Trident           |    80 |    13 ||    93
       Punch             |     1 |     1 ||     2
Throw: Throwing net      |       |     1 ||     1
 Stab: Sleeping          |     1 |       ||     1
Armor: Leather armour    |    14 |     4 ||    18
Dodge: Dodged            |    41 |     4 ||    45
